 Dungeon Crawl Stone Soup version 0.30.1-9-gdf580d7c3d (webtiles) character file.

Game seed: 939408413224151012

2052 H0rd4k the Charlatan (level 9, 0/66 (68) HPs)
             Began as a Human Artificer on Sept 21, 2023.
             Slain by an orc priest
             ... wielding a +0 short sword
              (3 damage)
             ... on level 8 of the Dungeon on Sept 25, 2023.
             The game lasted 00:10:48 (7439 turns).

H0rd4k the Charlatan (Human Artificer)              Turns: 7439, Time: 00:10:49

HP:   0/66 (68)     AC:  8    Str: 12    XL:     9   Next: 49%
MP:   13/13         EV: 13    Int: 22    God:
Gold: 748           SH:  0    Dex: 14    Spells: 14/14 levels left

rFire   . . .        h - +0 mace
rCold   . . .        (no shield)
rNeg    . . .        b - +0 leather armour
rPois   .            (no helmet)
rElec   .            (no cloak)
rCorr   .            p - +0 pair of gloves
SInv    .            (no boots)
Will    .....        c - amulet of magic regeneration
Stlth   +            A - +4 ring of protection
HPRegen 0.31/turn    K - +6 ring of intelligence
MPRegen 0.53/turn

%: no passive effects
@: lightly drained
A: no striking features
a: no special abilities


You were on level 8 of the Dungeon.
You visited 2 branches of the dungeon, and saw 9 of its levels.
You also visited: Ossuary.

You collected 748 gold pieces.

Inventory:

Hand Weapons
 a - a +0 club
 h - a +0 mace (weapon)
 H - a +2 heavy shortbow
Missiles
 f - 12 poisoned darts (quivered)
 L - a throwing net
Armour
 b - a +0 leather armour (worn)
 p - a +0 pair of gloves (worn)
Magical Staves
 v - a staff of fire
Jewellery
 c - an amulet of magic regeneration (around neck)
 A - a +4 ring of protection (left hand)
 K - a +6 ring of intelligence (right hand)
Wands
 C - a wand of polymorph (19)
 I - a wand of acid (8)
Scrolls
 e - 3 scrolls of teleportation {unknown}
 i - a scroll of summoning {unknown}
 l - 2 scrolls of poison {unknown}
 n - 9 scrolls of identify {unknown}
 o - 2 scrolls of enchant weapon {unknown}
 q - a scroll of noise {unknown}
 r - a scroll of amnesia {unknown}
 u - a scroll of blinking {unknown}
 x - a scroll of immolation {unknown}
 y - a scroll of brand weapon {unknown}
 E - a scroll of fog {unknown}
Potions
 g - a potion of haste
 j - 2 potions of invisibility {unknown}
 k - a potion of heal wounds
 m - 4 potions of lignification {unknown}
 s - 2 potions of might {unknown}
 t - 2 potions of brilliance {unknown}
 w - a potion of attraction {unknown}
 z - a potion of magic {unknown}
 B - 3 potions of ambrosia {unknown}
 D - 2 potions of cancellation {unknown}
 F - 2 potions of berserk rage {unknown}
 G - 2 potions of flight {unknown}
 J - a potion of mutation {unknown}


   Skills:
 + Level 5.2 Fighting
 - Level 5.1 Maces & Flails
 + Level 4.9 Throwing
 - Level 2.0 Armour
 + Level 4.9 Dodging
 - Level 1.0 Stealth
 * Level 3.2 Spellcasting
 + Level 5.2 Evocations


You had 14 spell levels left.
You didn't know any spells.
Your spell library contained the following spells:

 Spells                   Type           Power      Damage    Failure   Level
 Magic Dart               Conj           12%        1d3       16%         1
 Call Imp                 Summ           6%         N/A       24%         2
 Mephitic Cloud           Conj/Pois/Air  3%         N/A       43%         3


Dungeon Overview and Level Annotations

Branches:
Dungeon (8/15)             Temple (1/1) D:5         Ossuary (visited)
   Lair: D:8-11

Altars:
Ashenzari
Dithmenos
Fedhas
Hepliaklqana
Makhleb
Nemelex Xobeh
Ru
Sif Muna
Trog
Vehumet
Xom
Yredelemnul
Zin


Message History

The orc is severely wounded.
The orc barely misses you. x2
Aiming: Corrosive Bolt
Press: ? - help, Shift-Dir - straight line, f - orc, p - orc priest
Aim: an orc, wielding a +0 flail and wearing a +0 leather armour (severely wounded, 74% to hit)
The bolt of acid hits the orc!
The acid corrodes the orc!
You kill the orc!
The bolt of acid misses the orc.
The orc hits you from afar with a +0 trident!
The orc priest hits you but does no damage.
You hit the orc priest but do no damage.
The orc hits you from afar with a +0 trident!
The orc barely misses you.
The orc priest miscasts a cantrip.
The orc priest shouts!
You sock the orc!
You kill the orc!
You hear the faint creaking of a very distant portcullis.
You hear two shouts!
The orc barely misses you.
The orc priest looks encouraged for a moment.
The orc priest hits you but does no damage.
Items here: )) [[ ††.
You hit the orc priest.
The orc priest is lightly wounded.
The orc priest mumbles some strange prayers to Beogh against you.
Beogh smites you!
* * * LOW HITPOINT WARNING * * *
You hit the orc priest.
The orc priest is moderately wounded.
The orc completely misses you. The orc priest closely misses you.
You barely miss the orc priest.
The orc priest is moderately wounded.
The orc barely misses you.
An orc comes into view. It is wielding a +0 club.
The orc priest mumbles some strange prayers to Beogh against you.
Beogh smites you!
* * * LOW HITPOINT WARNING * * *
The orc priest hits you with a +0 short sword.
You die...

..o....#..
.........#
..o...o..#
.o....o..
........#
#.# #o#
..#####o#
.....#@##
#....##
###...#
####....##
#....#.##
#.....###..#
....# #.##
..... #.#
#.#.o## #.#
.


You could see 2 orc priests and 2 orcs.

Vanquished Creatures
  Sigmund (D:4)
  Menkaure (D:5)
  A water moccasin (D:7)
  3 black bears
  2 centaurs (D:7)
  A phantom (D:5)
  A bullfrog (D:4)
  3 scorpions
  3 wights (D:7)
  2 hounds
  A jelly (D:5)
  A gnoll bouda (D:7)
  3 iguanas
  An orc wizard (D:5)
  7 mummies
  5 adders
  9 gnolls
  2 white imps
  A worm (D:2)
  4 dart slugs
  11 orcs
  7 ball pythons
  7 endoplasms
  4 giant cockroaches
  A gnoll zombie (Ossuary)
  4 goblins
  7 hobgoblins
  6 jackals
  3 quokkas
  7 bats
  3 frilled lizards
  4 hobgoblin zombies
  6 kobolds
  3 kobold zombies (Ossuary)
  An orc zombie (Ossuary)
  4 rats (D:3)
130 creatures vanquished.

Vanquished Creatures (collateral kills)
  2 scorpions
  A jelly (D:7)
  An iguana (D:4)
  An orc wizard (D:7)
  A mummy (Ossuary)
  4 orcs
  A giant cockroach (D:4)
  A kobold (D:4)
  A ball python (D:4)
  A hobgoblin zombie (Ossuary)
14 creatures vanquished.

Vanquished Creatures (others)
  An orc wizard (D:8)
  A mummy (Ossuary)
  A gnoll (D:4)
3 creatures vanquished.

Grand Total: 147 creatures vanquished

Notes
Turn   | Place    | Note
-------+----------+-------------------------------------------
     0 | D:1      | H0rd4k the Human Artificer began the quest for the Orb.
     0 | D:1      | Reached XP level 1. HP: 15/15 MP: 1/1
    66 | D:1      | Reached XP level 2. HP: 16/21 MP: 2/2
   214 | D:1      | Upgraded the game from 0.30.1-6-gbe392663c4 to
                  | 0.30.1-9-gdf580d7c3d
   447 | D:1      | Reached XP level 3. HP: 22/26 MP: 3/3
  1104 | D:2      | Reached skill level 1 in Maces & Flails
  1104 | D:2      | Reached XP level 4. HP: 18/32 MP: 4/4
  1222 | D:2      | Found a sacrificial altar of Ru.
  2340 | D:3      | Reached XP level 5. HP: 38/38 MP: 5/5
  2618 | D:4      | Noticed a bullfrog
  2723 | D:4      | Noticed a black bear
  2760 | D:4      | Killed a black bear
  2761 | D:4      | Reached skill level 1 in Throwing
  2761 | D:4      | Reached XP level 6. HP: 34/44 MP: 6/6
  3072 | D:4      | Noticed Sigmund
  3074 | D:4      | Killed Sigmund
  3075 | D:4      | Reached XP level 7. HP: 51/51 MP: 7/7
  3696 | D:5      | Entered Level 5 of the Dungeon
  3824 | D:5      | Reached XP level 8. HP: 58/58 MP: 8/8
  3835 | D:5      | Found a staircase to the Ecumenical Temple.
  3843 | Temple   | Entered the Ecumenical Temple
  3843 | Temple   | Found a transporter.
  3843 | Temple   | Found a transporter.
  3845 | Temple   | Found a transporter.
  3845 | Temple   | Found a transporter.
  3931 | D:5      | Reached skill level 5 in Maces & Flails
  4312 | D:5      | Found a shadowy altar of Dithmenos.
  4381 | D:5      | Reached skill level 1 in Spellcasting
  4723 | D:5      | Noticed Menkaure
  4726 | D:5      | Killed Menkaure
  5176 | D:6      | Found a shimmering blue altar of Sif Muna.
  5384 | D:7      | Found a sand-covered staircase.
  5484 | D:7      | Reached XP level 9. HP: 53/65 MP: 12/12
  5491 | D:7      | Reached skill level 5 in Evocations
  5546 | D:7      | HP: 2/65 [orc warrior/+0 battleaxe (8)]
  5570 | Ossuary  | Entered an ossuary
  6945 | D:7      | Reached skill level 5 in Fighting
  7439 | D:8      | HP: 3/66 [orc priest/divine providence (13)]
  7439 | D:8      | Slain by an orc priest

Illustrated notes

Levels and vault maps discovered:
D:1:      dreamdust_arrival_beginning_and_end, layout_loops_ring, serial_forest,
          infiniplex_forest_side_room, infiniplex_forest_clump_medium,
          infiniplex_forest_diagonal, infiniplex_forest_clump_tiny,
          infiniplex_forest_clump_cross, infiniplex_forest_end_3, minmay_3d_cube
D:2:      layout_basic, basic_altar, minmay_box_of_dots
D:3:      layout_loops_ring, kennysheep_generic_room_7
D:4:      layout_gridville, sigmund_army
D:5:      layout_layer_cave, nicolae_dithmenos_shadow_blocks,
          minmay_temple_entry_large_hall, serial_glass, glass_columns_b,
          glass_columns_a, glass_columns_a, glass_columns_b, glass_columns_b,
          glass_columns_a, item_on_display_a, uniq_sigmund, uniq_menkaure
D:6:      layout_cave_pools, led_sif_pool
D:7:      layout_loops_cross, nicolae_ossuary_entry_giza, kennysheep_potato
D:8:      layout_rooms, enter_bailey_5
Temple:   hellmonk_temple_divided_pantheon

Skill      XL: |  1  2  3  4  5  6  7  8  9 |
---------------+----------------------------+-----
Evocations     | 4 5 |  5.2
Maces & Flails | 1 2 4 5 |  5.1
Fighting       | 2 3 4 5 |  5.2
Throwing       | 1 2 3 4 |  4.9
Dodging        | 2 4 |  4.9
Spellcasting   | 2 3 |  3.2
Armour         | |  2.0
Stealth        | |  1.0

Action                     |  1- 3 |  4- 6 |  7- 9 || total
---------------------------+-------+-------+-------++-------
  Melee: Club              |    63 |       |       ||    63
         Mace              |    42 |   119 |   370 ||   531
         Punch             |     1 |       |     6 ||     7
  Throw: Dart              |       |    21 |    40 ||    61
  Evoke: Wand              |     6 |     5 |    30 ||    41
    Use: Potion            |       |       |     6 ||     6
   Stab: Distracted        |     1 |       |       ||     1
         Sleeping          |       |     4 |     3 ||     7
 Armour: Leather armour    |    46 |    52 |   141 ||   239
  Dodge: Dodged            |    75 |    76 |   273 ||   424
